Map: Prion Terraces

Players

EvolvE - Winner!

  • Race: Zerg Zerg

LilDicky

  • Race: Terran Terran
  • League: Diamond

VOD

http://www.twitch.tv/tumescentpie

Description

Time

  • Played on: Nov. 26, 2015, 12:14 p.m.
  • Length: 19:25
Show
View Real Time Build Order
Export as new Build Order

EvolvE Zerg - Winner!

Build Orders: Hatch First 

Get SALT Encoding   

  12  0:03  Drone  
  13  0:14  Overlord  
  13  0:17  Drone  
  14  0:35  Drone x2  
  16  0:39  Drone  
  17  0:56  Hatchery  
  16  1:00  Drone  
  17  1:05  Drone  
  17  1:08  Extractor  
  17  1:18  Spawning Pool  
  17  1:20  Drone  
  17  1:25  Drone  
  18  1:32  Drone  
  19  1:43  Overlord  
  19  2:05  Queen  
  19  2:06  Zergling x4  
  23  2:08  Zergling x2  
  23  2:09  Queen  
  26  2:19  Metabolic Boost  
  26  2:20  Drone  
  26  2:21  Drone  
  28  2:25  Drone  
  29  2:31  Drone  
  30  2:40  Drone  
  31  2:45  Overlord, Queen  
  33  2:52  Drone x2  
  33  2:56  Drone  
  36  3:05  Drone  
  37  3:12  Drone  
  38  3:14  Drone x2  
  38  3:15  Drone x2  
  42  3:21  Drone  
  42  3:22  Overlord x2  
  43  3:33  Extractor  
  43  3:34  Extractor  
  41  3:37  Overlord  
  41  3:38  Drone x3  
  44  3:50  Hatchery  
  44  3:53  Drone x3  
  44  3:54  Drone x3  
  49  3:56  Drone x2  
  50  4:22  Extractor  
  49  4:27  Evolution Chamber x2  
  49  4:28  Spore Crawler, Drone x2  
  49  4:29  Drone x2, Roach Warren  
  49  4:30  Spore Crawler  
  48  4:31  Drone x2  
  48  4:32  Drone x2  
  48  4:35  Lair  
  52  4:40  Queen  
  52  4:45  Drone  
  55  4:55  Overlord x2  
  55  4:57  Drone x3  
  58  5:01  Drone x2  
  58  5:03  Drone  
  60  5:20  Zerg Missile Weapons Level 1, Zerg Ground Armor Level 1  
  62  5:21  Roach x4  
  62  5:22  Roach  
  66  5:34  Overseer  
  65  5:37  Zergling x8  
  65  5:39  Roach x3  
  74  5:47  Spire, Overseer  
  73  5:50  Baneling Nest  
  72  6:01  Drone x4  
  72  6:02  Drone x2  
  78  6:05  Queen  
  78  6:10  Drone x2  
  82  6:17  Overlord x2  
  82  6:18  Overlord  
  82  6:37  Overseer  
  81  6:41  Queen  
  81  6:42  Drone  
  81  6:43  Drone x2  
  81  6:44  Drone x4  
  81  6:45  Extractor  
  81  6:46  Drone x3  
  92  6:49  Extractor  
  92  6:51  Drone x2  
  92  6:52  Hydralisk Den  
  92  6:54  Ravager x4  
  96  7:12  Burrow  
  96  7:25  Hatchery  
  96  7:28  Hatchery, Drone x3  
  97  7:30  Zerg Ground Armor Level 2, Infestation Pit, Zerg Missile Weapons Level 2  
  97  7:32  Muscular Augments  
  97  7:33  Hydralisk x3  
  102  7:42  Overlord x2  
  102  7:49  Hydralisk x2  
  102  7:51  Overlord x3  
  106  8:05  Drone  
  106  8:06  Drone, Spore Crawler  
  106  8:07  Hive, Spore Crawler  
  106  8:08  Hydralisk x3  
  112  8:18  Roach x2  
  112  8:19  Roach  
  118  8:22  Hydralisk x4  
  118  8:26  Drone x3  
  129  8:31  Drone  
  129  8:32  Drone x4  
  134  8:40  Drone  
  134  8:41  Drone x3  
  138  8:46  Drone x3  
  138  8:47  Drone  
  142  8:49  Overlord  
  142  9:04  Extractor  
  142  9:05  Extractor  
  142  9:08  Drone  
  142  9:09  Queen  
  143  9:11  Overlord x3  
  143  9:14  Glial Reconstitution  
  143  9:18  Viper x4  
  143  9:19  Viper  
  143  9:21  Overlord  
  143  9:22  Overlord x2  
  158  9:33  Hydralisk x5  
  165  9:54  Spore Crawler x2, Drone x3  
  165  9:55  Spore Crawler  
  163  10:05  Hydralisk x6  
  175  10:12  Zerg Missile Weapons Level 3  
  175  10:13  Zerg Ground Armor Level 3  
  175  10:17  Spine Crawler  
  175  10:18  Spine Crawler x2  
  175  10:19  Drone x3, Spine Crawler  
  175  10:20  Drone x2, Spine Crawler  
  175  10:23  Spine Crawler  
  175  10:24  Spine Crawler x2  
  175  10:25  Spine Crawler  
  175  10:26  Spore Crawler, Spine Crawler, Drone  
  175  10:27  Drone x3, Spore Crawler  
  175  10:28  Drone x3  
  173  10:31  Roach x5  
  173  10:32  Roach  
  187  10:40  Spine Crawler x2  
  185  10:42  Spine Crawler  
  185  10:43  Spine Crawler  
  185  10:44  Drone  
  185  10:45  Drone x2, Spine Crawler  
  185  10:46  Spine Crawler  
  184  11:02  Spore Crawler x2  
  184  11:04  Drone, Spore Crawler  
  182  11:05  Drone  
  182  11:06  Drone  
  182  11:08  Spine Crawler  
  182  11:09  Spine Crawler  
  182  11:10  Drone x2, Spine Crawler  
  182  11:11  Drone x3, Spine Crawler  
  186  11:14  Spine Crawler  
  184  11:25  Hydralisk  
  184  11:26  Hydralisk x6  
  198  11:36  Hatchery  
  198  11:37  Drone  
  198  11:40  Drone  
  198  11:46  Spire  
  198  12:07  Extractor  
  197  12:12  Extractor  
  196  12:34  Pneumatized Carapace  
  190  12:53  Hydralisk x8  
  190  12:54  Hydralisk x2  
  190  12:57  Roach x7  
  200  13:05  Hydralisk x3  
  175  13:06  Hydralisk x3  
  181  13:18  Viper x2  
  181  13:19  Viper  
  186  13:21  Hydralisk x7, Roach x4  
  186  13:23  Zerg Flyer Weapons Level 1, Zerg Flyer Armor Level 1  
  190  14:03  Hydralisk x4  
  196  14:25  Zerg Melee Weapons Level 1  
  196  14:26  Ultralisk Cavern  
  193  14:37  Hatchery  
  192  14:45  Spore Crawler x2  
  191  14:47  Spore Crawler, Spine Crawler x2  
  191  14:50  Spine Crawler x2  
  191  14:51  Spine Crawler  
  184  14:54  Drone  
  184  14:59  Drone  
  186  15:13  Drone  
  187  15:14  Drone  
  187  15:15  Drone x2  
  187  15:16  Drone x2  
  192  15:25  Chitinous Plating  
  192  15:41  Hydralisk x2  
  192  15:42  Hydralisk x4  
  198  15:48  Hydralisk  
  198  15:49  Hydralisk  
  194  16:00  Hydralisk  
  194  16:01  Hydralisk x3  
  194  16:02  Extractor  
  194  16:03  Extractor  
  186  16:24  Hydralisk x2  
  186  16:25  Hydralisk x3  
  186  16:43  Ultralisk  
  186  16:44  Ultralisk  
  196  16:48  Zerg Melee Weapons Level 2  
  196  16:51  Zerg Flyer Armor Level 2, Zerg Flyer Weapons Level 2  
  192  17:03  Overseer x2  
  192  17:04  Overseer x2  
  192  17:06  Drone  
  189  17:32  Spore Crawler x2  
  189  17:34  Spore Crawler x2  
  185  17:40  Drone x4  
  185  17:41  Drone x2  
  190  17:52  Drone x2  
  190  17:57  Spore Crawler  
  190  18:04  Drone  
  191  18:23  Spine Crawler x2  
  191  18:25  Spine Crawler  
  188  18:27  Spine Crawler  
  185  18:45  Hatchery  
  174  18:49  Hatchery  
  174  18:52  Viper  
  174  18:53  Viper x2  
  174  18:54  Spine Crawler  
Show
View Real Time Build Order
Export as new Build Order

LilDicky Terran 

Build Orders: Mech, Banshee Rush 

Get SALT Encoding   

  12  0:01  SCV  
  13  0:13  SCV  
  14  0:22  Supply Depot  
  14  0:25  SCV  
  15  0:44  SCV, Refinery  
  15  0:49  Barracks  
  16  0:58  SCV  
  17  1:10  SCV  
  18  1:24  SCV  
  19  1:36  Reaper  
  19  1:39  Supply Depot  
  20  1:41  Orbital Command  
  20  1:44  Refinery  
  20  2:09  SCV, Factory  
  21  2:19  Barracks Tech Lab  
  21  2:21  SCV  
  22  2:25  Command Center  
  22  2:33  SCV  
  23  2:45  SCV  
  24  2:55  Starport, Marine  
  25  2:59  Supply Depot  
  25  3:01  Siege Tank  
  28  3:12  SCV  
  29  3:15  Barracks Tech Lab  
  30  3:27  SCV  
  30  3:39  SCV  
  30  3:40  Orbital Command  
  31  3:43  Banshee, Cloaking Field  
  34  3:51  SCV  
  34  3:52  Barracks Reactor, Hellion  
  37  3:57  Supply Depot  
  37  4:03  SCV  
  38  4:18  Orbital Command  
  38  4:20  Siege Tank  
  38  4:23  SCV  
  41  4:38  Marine x2  
  41  4:39  Command Center, SCV  
  41  4:42  Banshee  
  47  4:45  Bunker  
  47  5:07  SCV, Marine x2  
  50  5:19  SCV, Bunker  
  51  5:26  Siege Tank  
  54  5:31  SCV  
  55  5:41  Banshee  
  58  5:43  SCV  
  59  5:55  SCV  
  55  6:04  Orbital Command  
  55  6:07  SCV  
  55  6:10  Marine x2  
  57  6:13  Factory  
  55  6:33  Refinery, Marine  
  55  6:34  Refinery  
  55  6:37  Bunker  
  55  6:38  Bunker  
  53  6:43  SCV  
  54  6:47  Orbital Command  
  54  6:56  SCV  
  54  6:57  Banshee  
  54  6:59  Factory Tech Lab  
  58  7:02  Factory, Refinery  
  58  7:06  Factory, Refinery  
  58  7:08  SCV  
  59  7:16  SCV, Engineering Bay  
  59  7:18  SCV  
  59  7:20  SCV  
  62  7:28  SCV  
  62  7:29  Marine x2  
  65  7:30  SCV  
  65  7:32  SCV  
  67  7:40  SCV  
  67  7:42  SCV, Siege Tank x2  
  75  7:44  SCV  
  75  7:47  Armory, Marine  
  75  7:48  Armory  
  77  7:56  Supply Depot  
  77  8:01  Supply Depot  
  77  8:06  Supply Depot  
  77  8:12  Factory Reactor x2  
  77  8:13  Command Center  
  77  8:17  Marine x2  
  77  8:18  SCV x3  
  82  8:20  Supply Depot  
  82  8:21  Supply Depot  
  82  8:22  Supply Depot  
  82  8:24  Supply Depot x2, Missile Turret  
  82  8:25  Missile Turret  
  82  8:26  Supply Depot  
  82  8:27  Widow Mine x2  
  82  8:30  SCV x3  
  89  8:35  Marine  
  90  8:42  SCV x3  
  90  8:45  Missile Turret  
  93  8:48  Missile Turret  
  93  8:53  Marine  
  93  8:54  Marine  
  95  8:56  Thor x2, Hellion  
  95  8:57  Hellion x2  
  113  9:05  Terran Vehicle And Ship Armor Level 1, Missile Turret  
  113  9:06  Terran Vehicle Weapons Level 1  
  113  9:07  SCV  
  113  9:09  Corvid Reactor  
  116  9:10  Banshee  
  116  9:11  SCV x2  
  116  9:16  Hellion  
  121  9:18  Hellion  
  121  9:19  SCV  
  121  9:21  Command Center  
  121  9:23  SCV x2  
  126  9:25  Planetary Fortress  
  126  9:29  Missile Turret  
  126  9:31  SCV  
  125  9:35  SCV x2  
  127  9:43  SCV  
  128  9:47  SCV  
  129  10:03  Refinery  
  129  10:06  Siege Tank  
  129  10:07  Siege Tank  
  129  10:09  Hellion x3  
  129  10:14  Missile Turret  
  138  10:15  Missile Turret  
  138  10:23  Banshee  
  138  10:26  SCV x2, Hellion  
  145  10:29  SCV  
  145  10:30  Hellion  
  145  10:34  Supply Depot  
  148  10:36  Supply Depot  
  148  10:37  Supply Depot  
  148  10:38  Thor, Hellion x2  
  148  10:39  Thor  
  148  10:40  Planetary Fortress  
  148  10:42  Refinery  
  164  10:43  Missile Turret  
  164  10:44  Refinery  
  164  10:45  Missile Turret  
  164  10:46  Missile Turret x3  
  164  10:48  Hi-Sec Auto Tracking  
  164  10:55  SCV  
  164  10:56  SCV  
  166  11:02  SCV x2  
  168  11:05  Refinery  
  168  11:06  Raven  
  170  11:11  Command Center  
  174  11:18  Hellbat x2  
  174  11:19  Hellbat x2  
  174  11:21  Terran Vehicle And Ship Armor Level 2, Cyclone, Terran Vehicle Weapons Level 2  
  174  11:22  Cyclone  
  184  11:26  Supply Depot, Factory  
  184  11:31  Missile Turret  
  186  11:40  Hellbat  
  186  11:42  SCV  
  186  11:45  Building Armor, Hellbat x2  
  191  11:48  Missile Turret  
  191  12:18  Hellion x2  
  191  12:19  Banshee  
  198  12:28  Starport  
  198  12:30  Factory, Starport  
  198  12:31  Starport  
  198  12:32  Command Center  
  198  12:40  Factory  
  174  12:55  Hellion x2, Hellbat  
  174  12:56  Hellbat x2  
  124  13:06  Hellion  
  124  13:11  Starport Tech Lab x3  
  109  13:16  Hellion  
  109  13:17  Siege Tank  
  118  13:27  Factory Tech Lab, Hellion x3, Siege Tank  
  118  13:28  Factory Tech Lab  
  123  13:37  Supply Depot  
  123  13:40  Supply Depot  
  117  13:49  Siege Tank  
  117  13:50  Hellion x2, Siege Tank x2  
  130  13:56  Raven  
  130  13:57  Raven  
  130  13:58  Banshee x2  
  130  13:59  Siege Tank  
  143  14:07  Missile Turret  
  143  14:09  Missile Turret  
  143  14:11  Planetary Fortress  
  143  14:12  Missile Turret  
  143  14:13  Supply Depot  
  143  14:14  Missile Turret  
  143  14:19  Planetary Fortress  
  143  14:21  Siege Tank  
  143  14:22  Thor, Siege Tank  
  155  14:31  Thor  
  158  14:43  Hellion  
  158  14:44  Banshee x4, Hellion  
  174  14:48  Infernal Pre-Igniter  
  174  14:49  Refinery, Missile Turret  
  174  14:51  Missile Turret  
  174  14:53  Thor  
  174  14:54  Thor  
  174  14:55  Refinery  
  174  14:58  Terran Vehicle Weapons Level 3  
  186  15:05  Siege Tank  
  186  15:06  Marine x2  
  188  15:09  Hellion  
  188  15:11  Hellion x3  
  196  15:14  Siege Tank  
  196  15:15  Terran Vehicle And Ship Armor Level 3  
  199  15:21  Fusion Core  
  199  15:23  Command Center  
  199  15:28  Missile Turret  
  199  15:30  Missile Turret  
  199  15:32  Missile Turret  
  149  16:08  Banshee x3  
  149  16:09  Banshee  
  149  16:10  Thor x2, Hellion x3  
  149  16:11  Hellion  
  170  16:26  Hellion x2  
  170  16:30  Missile Turret x2  
  170  16:32  Hellion x3  
  165  16:45  Command Center  
  126  16:47  Siege Tank x2, Marine x2  
  126  16:51  Banshee x3  
  126  16:52  SCV, Banshee  
  139  17:05  Marine  
  139  17:07  Hellion  
  144  17:08  Hellion  
  144  17:21  Liberator x2  
  141  17:34  Banshee x2  
  150  17:57  SCV x3  
  150  17:58  SCV  
  151  18:07  Refinery  
  151  18:09  SCV  
  152  18:19  Viking x2  
  155  18:21  Viking  
  161  18:38  Hellion x2  
  161  18:39  Hellion x5  
  161  18:40  Hellion  
Tags
 
Add a new tag
Caveats
  • Supply blocks, unpowered buildings, or Contaminate may cause inaccurate times.
  • Supply counts are checked every 10 seconds.